 Dungeon Crawl Stone Soup version 0.29.1-1-gd02db6906a (webtiles) character file.

Game seed: 6899350156542952013

21 LustLizard the Trooper (level 2, 0/24 HPs)
             Began as a Demonspawn Fighter on Oct 5, 2022.
             Succumbed to a kobold's poison
             ... on level 1 of the Dungeon.
             The game lasted 00:01:04 (496 turns).

LustLizard the Trooper (Demonspawn Fighter)          Turns: 496, Time: 00:01:05

Health: 0/24       AC:  8    Str: 16    XL:     2   Next: 62%
Magic:  2/2        EV:  9    Int:  9    God:
Gold:   5          SH:  4    Dex: 12    Spells: 1/1 levels left

rFire   . . .      SeeInvis .   a - +0 long sword
rCold   . . .      Faith    .   c - +0 buckler
rNeg    . . .      Spirit   .   b - +0 scale mail
rPois   .          Reflect  .   (no helmet)
rElec   .          Harm     .   (no cloak)
rCorr   .          Rampage  .   (no gloves)
Will    .....                   (no boots)
Stlth   ..........              (no amulet)
HPRegen 0.08/turn               (no ring)
MPRegen 0.08/turn               (no ring)

@: lethally poisoned (0 -> -11), attractive
A: icy blue scales 1
a: no special abilities


You were on level 1 of the Dungeon.
You visited 1 branch of the dungeon, and saw 1 of its levels.

You collected 5 gold pieces.

Inventory:

Hand Weapons
 a - a +0 long sword (weapon)
Missiles
 g - 22 stones (quivered)
Armour
 b - a +0 scale mail (worn)
 c - a +0 buckler (worn)
 e - a +0 plate armour
Scrolls
 h - a scroll of brand weapon {unknown}
Potions
 d - a potion of might
 f - a potion of attraction


   Skills:
 + Level 3.2 Fighting
 * Level 2.3 Long Blades
 * Level 0.2 Throwing
 * Level 2.7 Armour
 + Level 0.7 Dodging
 - Level 2.6 Shields


You had one spell level left.
You didn't know any spells.
Your spell library was empty.

Dungeon Overview and Level Annotations

Branches:
Dungeon (1/15)

Altars:


Innate Abilities, Weirdness & Mutations

You are partially covered in icy blue scales. (AC +2)


Message History

You feel very sick. The kobold barely misses you.
The rat bites you but does no damage.
You barely miss the kobold.
You feel very sick. The kobold hits you but does no damage.
You are more poisoned.
The rat barely misses you.
You are too injured to fight recklessly!
Unknown command.
It was a potion of attraction.
You feel attractive to monsters.
* * * LOW HITPOINT WARNING * * *
You feel very sick. The rat bites you.
* * * LOW HITPOINT WARNING * * *
You block the kobold's attack.
i - a bubbling black potion
* * * LOW HITPOINT WARNING * * *
You feel very sick. The rat bites you but does no damage.
The kobold hits you but does no damage.
Unknown command.
It was a potion of heal wounds.
You feel much better.
You feel sick.
The kobold hits you with a +2 whip of venom.
You are lethally poisoned!
The rat bites you. The ball python misses you. The ball python grabs you.
The ball python constricts you.
You hit the kobold.
You kill the kobold!
You feel very sick.
The ball python bites you but does no damage.
The ball python constricts you. The rat bites you but does no damage.
The ball python bites you but does no damage.
The ball python constricts you. The rat bites you but does no damage.
You slash the ball python!
You kill the ball python!
* * * LOW HITPOINT WARNING * * *
You feel very sick. The rat bites you.
* * * LOW HITPOINT WARNING * * *
You die...

... ### ... ..#... ..
...... #. ...... #.###
...... #...#+####.....
#.r)@......#
#..........# #####
#.......))## #....
##........# #.)..
#..........########....
#######>..........'....
#.####....###.... #.#
#....# #.... #+# #....#
#....


You could see a rat.

Vanquished Creatures
  A dart slug (D:1)
  2 endoplasms (D:1)
  2 giant cockroaches (D:1)
  2 hobgoblins (D:1)
  2 kobolds (D:1)
  A ball python (D:1)
  2 bats (D:1)
  4 goblins (D:1)
  A rat (D:1)
17 creatures vanquished.

Notes
Turn   | Place    | Note
-------+----------+-------------------------------------------
     0 | D:1      | LustLizard the Demonspawn Fighter began the quest for the
                  | Orb.
     0 | D:1      | Reached XP level 1. HP: 18/18 MP: 1/1
   176 | D:1      | Gained mutation: You are partially covered in icy blue
                  | scales. (AC +2) [demonic ancestry]
   176 | D:1      | Reached XP level 2. HP: 14/24 MP: 2/2
   496 | D:1      | Succumbed to a kobold's poison

Illustrated notes

Levels and vault maps discovered:
D:1:      wander_arrival_estate, layout_basic

Skill      XL: |  1 |
---------------+----+-----
Long Blades    | 2 |  2.3
Fighting       | |  3.2
Throwing       | |  0.2
Armour         | |  2.7
Dodging        | |  0.7
Shields        | |  2.6

Action                   || total
-------------------------++-------
Melee: Long sword        ||    43
  Use: Potion            ||     2
Armor: Scale mail        ||    23
Dodge: Dodged            ||    25
Block: Buckler           ||    11
